 Dungeon Crawl Stone Soup version 0.32-a0-12-g7fc57aa741 (webtiles) character file.

Game seed: 893289023209472558

18 hikkokomori the Blocker (level 2, 0/29 HPs)
             Began as a Gnoll Wanderer on Jan 15, 2024.
             Slain by a ribbon worm (5 damage)
             ... on level 2 of the Dungeon.
             The game lasted 00:00:40 (1020 turns).

hikkokomori the Blocker (Gnoll Wanderer)            Turns: 1020, Time: 00:00:40

Health: 0/29       AC:  5    Str:  8    XL:     2   Next: 70%
Magic:  3/3        EV:  6    Int:  9    God:
Gold:   39         SH:  0    Dex: 16    Spells: 2/2 levels left

rFire   . . .        a - +0 dagger
rCold   . . .        d - +0 buckler {AC+3}
rNeg    . . .        f - +0 robe
rPois   .            (no helmet)
rElec   .            (no cloak)
rCorr   .            (no gloves)
SInv    .            (no boots)
Will    .....        (no amulet)
Stlth   ++           (no ring)
HPRegen 0.24/turn    (no ring)
MPRegen 0.08/turn

%: no passive effects
@: held
A: fangs 1, strong nose, distributed training
a: no special abilities


You were on level 2 of the Dungeon.
You visited 1 branch of the dungeon, and saw 2 of its levels.

You collected 39 gold pieces.

Inventory:

Hand Weapons
 a - a +0 dagger (weapon)
Missiles
 c - 15 poisoned darts (quivered)
Armour
 d - a +0 buckler of protection (worn)
 f - a +0 robe (worn)
Jewellery
 i - an amulet of reflection
Scrolls
 b - a scroll of teleportation
 e - a scroll of blinking
 g - a scroll of summoning {unknown}
Potions
 h - a potion of attraction {unknown}


   Skills:
 + Level 6.5 Fighting
 + Level 0.5 Short Blades
 + Level 0.5 Long Blades
 + Level 0.5 Axes
 + Level 0.5 Maces & Flails
 + Level 0.5 Polearms
 + Level 0.5 Staves
 + Level 0.5 Ranged Weapons
 + Level 2.5 Throwing
 + Level 2.5 Armour
 + Level 0.5 Dodging
 + Level 0.5 Stealth
 + Level 8.5 Shields
 + Level 0.5 Unarmed Combat
 + Level 0.5 Spellcasting
 + Level 0.3 Conjurations
 + Level 0.3 Hexes
 + Level 0.3 Summonings
 + Level 0.3 Necromancy
 + Level 0.3 Translocations
 + Level 0.3 Fire Magic
 + Level 0.3 Ice Magic
 + Level 0.3 Air Magic
 + Level 0.3 Earth Magic
 + Level 0.3 Alchemy
 + Level 2.5 Invocations
 + Level 0.5 Evocations
 + Level 0.4 Shapeshifting


You had 2 spell levels left.
You didn't know any spells.
Your spell library was empty.

Dungeon Overview and Level Annotations

Branches:
Dungeon (2/15)

Altars:


Innate Abilities, Weirdness & Mutations

You have very sharp teeth.
Your uncanny sense of smell can sniff out nearby items.
Your experience applies equally to all skills.


Message History

The ribbon worm is lightly wounded.
The rat misses you. The ribbon worm barely misses you.
Unknown command.
You hit the ribbon worm.
The ribbon worm is moderately wounded.
You block the rat's attack. The ribbon worm barely misses you.
You hit the ribbon worm.
The ribbon worm is moderately wounded.
The rat bites you. The ribbon worm closely misses you.
Unknown command.
You hit the ribbon worm but do no damage.
The ribbon worm is moderately wounded.
The rat bites you.
* * * LOW HITPOINT WARNING * * *
The rat misses you.
Unknown command.
You barely miss the ribbon worm.
The ribbon worm is moderately wounded.
The ribbon worm expels a string of sticky webbing.
The stream of webbing hits you but does no damage.
You are caught in a web!
The rat bites you but does no damage.
Unknown command.
The web tears apart.
You block the ribbon worm's attack. The rat bites you but does no damage.
Unknown command.
The ribbon worm bites you.
* * * LOW HITPOINT WARNING * * *
The rat misses you.
You see here a ball python corpse.
You hit the rat.
You kill the rat!
The ribbon worm bites you but does no damage.
The ribbon worm expels a string of sticky webbing.
The stream of webbing hits you but does no damage.
You are caught in a web!
There is a web here.
You see here a ball python corpse.
You struggle to detach yourself from the web.
The ribbon worm bites you.
You die...

#..)..............###
##..#####..##..###.#
..... #..........#
##..#. #..##..#####
#..#. #..##..#
#..#.###..##.>#
#.............#
###......#..##.##
..?....@.....#...
##.....w.....#####
#.......#...#
#.......#.###
##.(...##.#
########## ∆ ∆ ∆


You could see a ribbon worm (catching breath).

Vanquished Creatures
  A dart slug (D:2)
  4 ball pythons
  An endoplasm (D:1)
  3 goblins
  A hobgoblin (D:1)
  A quokka (D:2)
  A bat (D:1)
  A frilled lizard (D:1)
  A kobold (D:1)
  2 rats
16 creatures vanquished.

Notes
Turn   | Place    | Note
-------+----------+-------------------------------------------
     0 | D:1      | hikkokomori the Gnoll Wanderer began the quest for the Orb.
     0 | D:1      | hikkokomori set off with the following items: a +0 dagger,
                  | a scroll of teleportation, 12 poisoned darts, a +0 buckler
                  | of protection, a scroll of blinking, a +0 robe.
     0 | D:1      | Reached XP level 1. HP: 23/23 MP: 2/2
   271 | D:1      | Reached XP level 2. HP: 20/29 MP: 3/3
  1020 | D:2      | Slain by a ribbon worm

Illustrated notes

Levels and vault maps discovered:
D:1:      scummos_arrival_checkerplants, layout_basic
D:2:      wad_river_or_something, layout_loops_ring, uniq_crazy_yiuf_cottage,
          uniq_terence, uniq_sigmund

Action                     || total
---------------------------++-------
  Melee: Dagger            ||    87
         Bite              ||     7
   Stab: Sleeping          ||     2
 Armour: Robe              ||    53
  Dodge: Dodged            ||    46
  Block: Buckler           ||    29

Table legend: (Time is in decaauts)
 A = Elapsed time spent in this place.
 B = Non-inter-level travel time spent in this place.
 C = Inter-level travel time spent in this place.
 D = Time resting spent in this place.
 E = Time spent auto-exploring this place.
 F = Levels seen in this place.
 G = Mean time per level.
                   A        B        C        D        E       F      G
               +--------+--------+--------+--------+--------+-----+--------+
         Total |   1022 |   1002 |     20 |      0 |    852 |   2 |  511.0 |
       Dungeon |   1022 |   1002 |     20 |      0 |    852 |   2 |  511.0 |
               +--------+--------+--------+--------+--------+-----+--------+

Top non-repeatable levels by time:
     D:1: 875 daAuts
     D:2: 146 daAuts
